 Dungeon Crawl Stone Soup version 0.29.1-2-gbd0b4ee654 (webtiles) character file.

Game seed: 2453714555272568432

182010 mortz the Earth Mage (level 17, -3/139 HPs)
             Began as a Grey Draconian Earth Elementalist on Nov 12, 2022.
             Was an Elder of Elyvilon.
             Slain by a vampire knight
             ... wielding a +2 dire flail
              (19 damage)
             ... on level 4 of the Swamp on Nov 14, 2022.
             The game lasted 04:25:07 (43718 turns).

mortz the Earth Mage (DrEE)                        Turns: 43718, Time: 04:25:08

Health: -3/139     AC: 22    Str:  5    XL:     17   Next: 69%
Magic:  8/35       EV: 15    Int: 25    God:    Elyvilon [****..]
Gold:   1276       SH:  5    Dex: 15    Spells: 11/44 levels left

rFire   . . .      SeeInvis .   a - +8 dagger of Recklessness {spect, Will++ Str-5 Int+2 Dex+2}
rCold   + . .      Faith    .   A - +2 buckler {rC+}
rNeg    . . .      Spirit   .   (body armour unavailable)
rPois   +          Reflect  .   K - +2 hat
rElec   .          Harm     .   L - scarf {repulsion}
rCorr   .          Rampage  .   y - +2 pair of gloves
Will    +++..                   s - +2 pair of boots
Stlth   ++++......              c - amulet of magic regeneration
HPRegen 0.33/turn               W - ring of poison resistance
MPRegen 0.64/turn               h - ring of flight

@: flying, repel missiles
A: AC +14, amphibious, unfitting armour, cold-blooded
a: Renounce Religion, Purification, Heal Other, Heal Self


You were on level 4 of the Swamp.
You worshipped Elyvilon.
Elyvilon was greatly pleased with you.
You visited 4 branches of the dungeon, and saw 26 of its levels.
You also visited: Ossuary, Ice Cave and Volcano.

You collected 2848 gold pieces.
You spent 1572 gold pieces at shops.

Inventory:

Hand Weapons
 a - the +8 dagger of Recklessness (weapon) {spect, Will++ Str-5 Int+2 Dex+2}
   (You found it on level 2 of the Dungeon)

   When its wielder attacks, the weapon's spirit leaps out and strikes again.
   The spirit shares a part of any damage it takes with its wielder.
   Str:       It affects your strength (-5).
   Int:       It affects your intelligence (+2).
   Dex:       It affects your dexterity (+2).
   Will:      It greatly increases your willpower.
 b - a +3 trident of venom
 E - a +5 eveningstar of holy wrath
 H - a +4 scimitar of holy wrath
 M - a +4 scimitar of flaming
Missiles
 d - 12 poisoned darts
 e - a curare-tipped dart
 r - 4 atropa-tipped darts
Armour
 s - a +2 pair of boots (worn)
 y - a +2 pair of gloves (worn)
 A - a +2 buckler of cold resistance (worn)
 K - a +2 hat (worn)
 L - a scarf of repulsion (worn)
 Z - a +1 cloak
Jewellery
 c - an amulet of magic regeneration (around neck)
 h - a ring of flight (right hand)
 m - a +6 ring of strength
 F - a +6 ring of dexterity
 T - a +6 ring of dexterity
 V - a +4 ring of evasion
 W - a ring of poison resistance (left hand)
 X - a ring of see invisible
Wands
 g - a wand of polymorph (7)
 k - a wand of quicksilver (21)
 B - a wand of digging (5)
 I - a wand of mindburst (7)
 O - a wand of flame (23)
 P - a wand of paralysis (6)
 Y - a wand of roots (38)
Scrolls
 f - 2 scrolls of immolation
 j - 5 scrolls of teleportation
 t - 7 scrolls of blinking
 u - 5 scrolls of amnesia
 w - 6 scrolls of fear
 G - 6 scrolls of magic mapping
 N - 4 scrolls of poison
 R - 3 scrolls of fog
 U - 3 scrolls of summoning
Potions
 i - 18 potions of curing
 l - 4 potions of magic
 n - 3 potions of cancellation
 o - 2 potions of brilliance
 p - 6 potions of berserk rage
 q - 4 potions of ambrosia
 v - 5 potions of mutation
 x - 4 potions of might
 z - 2 potions of invisibility
 D - 6 potions of heal wounds
 J - 4 potions of haste
 Q - 2 potions of attraction
Miscellaneous
 C - a lightning rod (4/4)
 S - a phial of floods


   Skills:
 + Level 9.9 Fighting
 - Level 7.5 Short Blades
 - Level 0.5 Maces & Flails
 - Level 2.1 Throwing
 - Level 7.2 Dodging
 - Level 7.5 Stealth
 - Level 0.3 Shields
 - Level 14.1 Spellcasting
 + Level 13.4 Conjurations
 - Level 2.0 Translocations
 - Level 1.0 Transmutations
 + Level 17.8 Earth Magic
 - Level 14.1 Invocations


You had 11 spell levels left.
You knew the following spells:

 Your Spells              Type           Power      Damage    Failure   Level
a - Sandblast             Erth           100%       2d20      0%          1
b - Blink                 Tloc           54%        N/A       2%          2
c - Apportation           Tloc           54%        N/A       1%          1
d - Dragon's Call         Summ           8%         N/A       100%        9
i - Iskenderun's Mystic   Conj/Tloc      54%        2d12      1%          4
l - Lehudib's Crystal Sp  Conj/Erth      38%        10d10     43%         8
p - Passwall              Tmut/Erth      49%        N/A       1%          2
s - Stone Arrow           Conj/Erth      100%       3d13      1%          3
t - Teleport Other        Tloc           27%        N/A       5%          3

Your spell library contained the following spells:

 Spells                   Type           Power      Damage    Failure   Level
 Dazzling Flash           Conj/Hex       100%       N/A       1%          3
 Petrify                  Tmut/Erth      59%        N/A       1%          4
 Flame Wave               Conj/Fire      51%        2d13      2%          4
 Hailstorm                Conj/Ice       51%        3d11      2%          4
 Borgnjor's Vile Clutch   Necr/Erth      29%        N/A       3%          5
 Necrotise                Necr           68%        1d7       4%          1
 Summon Small Mammal      Summ           68%        N/A       4%          1
 Gell's Gravitas          Tloc           27%        N/A       5%          3
 Lesser Beckoning         Tloc           27%        N/A       5%          3
 Scorch                   Fire           34%        2d6       7%          2
 Call Canine Familiar     Summ           17%        N/A       13%         3
 Statue Form              Tmut/Erth      39%        N/A       14%         6
 Passage of Golubria      Tloc           27%        N/A       19%         4
 Ice Form                 Ice/Tmut       20%        N/A       34%         4
 Starburst                Conj/Fire      25%        6d8       38%         6
 Cause Fear               Hex            8%         N/A       41%         4
 Manifold Assault         Tloc           27%        N/A       45%         5
 Summon Forest            Summ/Tloc      11%        N/A       63%         5
 Alistair's Intoxication  Tmut/Pois      13%        N/A       69%         5
 Metabolic Englaciation   Hex/Ice        8%         N/A       77%         5
 Silence                  Hex/Air        8%         N/A       77%         5
 Summon Mana Viper        Hex/Summ       17%        N/A       77%         5
 Dispersal                Tloc           13%        N/A       96%         6
 Eringya's Noxious Bog    Tmut/Pois      10%        N/A       99%         6
 Simulacrum               Ice/Necr       8%         N/A       100%        6
 Summon Cactus Giant      Summ           8%         N/A       100%        6
 Dragon Form              Tmut           11%        N/A       100%        7
 Summon Hydra             Summ           8%         N/A       100%        7


Dungeon Overview and Level Annotations

Branches:
Dungeon (15/15) Zot: 25549  Temple (0/1) D:5            Lair (5/5) D:8 Zot: 20493
  Swamp (4/4) Lair:2 Zot: 15993  Spider (0/4) Lair:3        Slime (0/5) Lair:5
    Orc (2/2) D:10 Zot: 7855     Elf (0/3) Orc:2        Vaults (0/5) D:13
 Depths (0/4) D:15        Ossuary (visited)           IceCv (visited)
Volcano (visited)

Altars:
Dithmenos
Elyvilon
Fedhas
Gozag
Kikubaaqudgha
Makhleb
Okawaru
Qazlal
Vehumet
Wu Jian
Zin
The Shining One

Shops:
D:3 [[*(   D:7 *   D:13 :   D:15 [   Orc:2 [*(!

Annotations:
D:11 1 runed translucent door
D:12 2 transporters, Netaeli's ghost, journeyman SpVM


Innate Abilities, Weirdness & Mutations

Your dull iron-grey scales are very hard. (AC +14)
You are amphibious.
You cannot fit into any form of body armour.
You are cold-blooded and may be slowed by cold attacks.


Message History

The vampire knight gestures wildly while chanting.
The vampire knight flickers and vanishes!
Deactivating autopickup; reactivate with Ctrl-A.
You hit something.
Your +8 dagger of Recklessness {spect, Will++ Str-5 Int+2 Dex+2} hits something but does no damage.
Something hits you!! Something bites you.
Something draws strength from your injuries!
You hit something but do no damage.
Your tail-slap misses something.
Your +8 dagger of Recklessness {spect, Will++ Str-5 Int+2 Dex+2} hits something.
Something draws life force from you.
A spectral five-headed hydra comes into view.
You hit something but do no damage.
Your +8 dagger of Recklessness {spect, Will++ Str-5 Int+2 Dex+2} hits something.
Something hits you but does no damage. Something bites you.
Something draws strength from your injuries!
You barely miss something.
Your +8 dagger of Recklessness {spect, Will++ Str-5 Int+2 Dex+2} hits something!
Something barely misses you. Something bites you but does no damage.
You hit something but do no damage.
Your +8 dagger of Recklessness {spect, Will++ Str-5 Int+2 Dex+2} closely misses something.
Something hits you. Something bites you but does no damage.
You hit something but do no damage.
Your +8 dagger of Recklessness {spect, Will++ Str-5 Int+2 Dex+2} hits something but does no damage.
Something hits you!! Something bites you but does no damage.
Something hits you. Something bites you but does no damage.
Something hits you!!
* * * LOW HITPOINT WARNING * * *
Something bites you but does no damage. Something hits you!
* * * LOW HITPOINT WARNING * * *
Something bites you but does no damage. Something barely misses you.
Something bites you but does no damage. Something hits you!
* * * LOW HITPOINT WARNING * * *
Something bites you but does no damage.
There is a stone staircase leading up, spattered with blood here.
You are healed.
Something hits you!!
* * * LOW HITPOINT WARNING * * *
Something bites you but does no damage. Something hits you!!
You die...

.~~§.~.~♣♣♣..~#
~..~♣...♣♣)~~~#
♣..~♣♣~~~.~§~~#
♣♣~♣ ♣♣.~~~~~~##
♣♣ ♣§~.~~~~~#
♣~♣♣.~§~.♣##
~~♣♣~~§~.♣§.##
~.~~
♣~~~.[~♣.~##
~~.~.
♣~.~§~).@~§♣♣
)~~~♣
♣~....§.{.~~#
.~~
♣♣...~~~~♣♣♣.♣
♣♣♣♣♣♣.♣Z♣♣♣♣
♣~..~.[.♣♣#
♣♣.♣..Z..~♣##...
♣♣♣.~...†~.....
♣♣...~~..~..♣
♣..~|♣..~...♣


You could see a spectral five-headed hydra.

Vanquished Creatures
  A tentacled monstrosity (Swamp:1)
  Mlioglotl (Swamp:1)
  Frances (D:13)
  Louise (D:14)
  3 ghouls (Swamp:3)
  Azrael (D:13)
  5 eleionomae
  A red draconian (Volcano)
  5 bunyips
  Josephine (D:13)
  Snorg (Lair:4)
  A yaktaur captain (D:13)
  An ice dragon (D:14)
  A catoblepas (Lair:3)
  2 boulder beetles
  4 hydras
  8 centaur warriors
  6 ghost crabs
  5 two-headed ogres
  A tengu warrior (D:15)
  8 alligators
  A spriggan berserker (Swamp:4)
  Urug (Lair:1)
  5 death yaks
  5 orc high priests (Orc:2)
  9 spriggans
  12 skeletal warriors
  A fire crab (shapeshifter) (D:13)
  A goliath frog (Lair:2)
  4 spriggan druids
  6 bog bodies
  2 spectral hydras (Swamp:4)
  6 swamp dragons
  3 lindwurms
  Pikel (D:7)
  2 wolf spiders (Lair:5)
  A deep elf pyromancer (D:14)
  7 will-o-the-wisps
  2 cyclopes
  11 orc knights
  4 manticores
  A salamander (D:15)
  An ugly thing (D:13)
  A salamander (shapeshifter) (D:15)
  8 spectral spriggans (Swamp:3)
  4 torpor snails
  Joseph (D:8)
  13 elephants
  11 black mambas
  10 cane toads
  2 rime drakes
  Maggie (D:7)
  A gargoyle (D:14)
  Psyche (D:8)
  A komodo dragon (shapeshifter) (D:13)
  2 tengu conjurers (D:14)
  13 komodo dragons
  7 yaktaurs
  A freezing wraith (Swamp:3)
  3 trolls
  3 death drake zombies (Swamp:4)
  A bloated husk (Swamp:3)
  A polar bear (Lair:3)
  10 tyrant leeches
  16 hornets
  2 meliai (D:14)
  Grinder (D:3)
  11 blink frogs
  A death drake skeleton (Swamp:4)
  15 slime creatures
  A water elemental (D:13)
  3 dire elephant simulacra (IceCv)
  3 fire elementals (D:13)
  11 wyverns
  3 wraiths (D:13)
  3 shadows
  36 yaks
  A redback (shapeshifter) (D:15)
  18 vampire mosquitoes
  4 basilisks
  A redback (Lair:3)
  A harpy simulacrum (IceCv)
  2 wargs (Orc:2)
  2 acid dragons (D:10)
  10 swamp worms
  2 hell hounds (D:13)
  33 water moccasins
  3 ice beasts
  2 hydra simulacra
  4 black bears
  24 orc warriors
  6 swamp drakes
  2 alligator simulacra (IceCv)
  3 ogres
  The ghost of BuzzyBeetle the Conjurer, an amateur DgCj (D:3)
  A lemure (D:7)
  6 centaurs
  2 kobold brigands
  14 bullfrogs
  2 elf zombies (Ossuary)
  3 gnoll sergeants
  4 scorpions
  A necrophage (D:4)
  19 wights
  9 killer bees
  A lindwurm simulacrum (IceCv)
  2 electric eels
  8 howler monkeys
  2 quasits (D:3)
  4 centaur zombies (Ossuary)
  24 orc priests
  2 gnoll boudas
  2 hounds
  2 human zombies (Ossuary)
  3 bullfrog skeletons (D:5)
  Jessica (D:3)
  An iguana (D:4)
  Ijyb (D:5)
  12 orc wizards
  An ogre zombie (Ossuary)
  8 mummies
  21 gnolls
  16 adders
  A shadow imp (D:6)
  3 white imps
  5 adder zombies (Ossuary)
  3 worms
  The ghost of silentkaos13 the Sneak, a weakling DsDe (D:5)
  3 dart slugs
  52 orcs
  6 endoplasms
  4 giant cockroaches
  A gnoll zombie (Ossuary)
  4 goblins
  4 hobgoblins
  7 jackals
  7 kobolds
  8 quokkas
  6 ball pythons
  5 bats
  3 frilled lizards (D:3)
  4 goblin zombies (Ossuary)
  A hobgoblin zombie (Ossuary)
  2 kobold zombies (Ossuary)
  An orc zombie (Ossuary)
  7 quokka zombies (Ossuary)
  6 rats
  A spectral kobold (D:1)
781 creatures vanquished.

Vanquished Creatures (others)
  An eleionoma (Swamp:1)
  A death yak (Lair:2)
  A goliath frog (Swamp:2)
  A lindwurm (D:13)
  A cyclops (shapeshifter) (D:15)
  A manticore (D:15)
  2 elephants (Lair:3)
  3 bloated husks
  A meliai (D:14)
  A hornet (Swamp:3)
  A slime creature (D:10)
  2 spriggans
  An acid dragon (D:12)
  A swamp worm (Swamp:2)
  2 water moccasins (Lair:3)
  A swamp drake (Swamp:1)
  3 orc warriors (Orc:2)
  A black bear (D:8)
  3 centaurs
  A bullfrog (Lair:3)
  An electric eel (D:12)
  A gnoll (D:8)
  6 adders (Lair:3)
  30 foxfires
  38 fungi
  88 plants
193 creatures vanquished.

Grand Total: 974 creatures vanquished

Notes
Turn   | Place    | Note
-------+----------+-------------------------------------------
     0 | D:1      | mortz the Draconian Earth Elementalist began the quest for
                  | the Orb.
     0 | D:1      | Reached XP level 1. HP: 14/14 MP: 3/3
   320 | D:1      | Reached XP level 2. HP: 20/20 MP: 3/5
   866 | D:1      | Found a faded altar of an unknown god.
  1318 | D:2      | Reached XP level 3. HP: 26/26 MP: 0/6
  1506 | D:2      | Found a white marble altar of Elyvilon.
  1515 | D:2      | Became a worshipper of Elyvilon the Healer
  1773 | D:2      | Identified the +8 dagger of Recklessness {spect, Will++
                  | Str-5 Int+2 Dex+2}
  1785 | D:2      | Learned a level 2 spell: Passwall
  1888 | D:3      | Found a transporter.
  1904 | D:3      | Reached skill level 4 in Earth Magic
  1990 | D:3      | Reached XP level 4. HP: 33/33 MP: 8/8
  2001 | D:3      | Reached * piety under Elyvilon
  2002 | D:3      | Found Keran's Weapon Shop.
  2031 | D:3      | Found Ruavep's General Store.
  2039 | D:3      | Bought a scroll of identify for 26 gold pieces
  2039 | D:3      | Bought a potion of brilliance for 52 gold pieces
  2056 | D:3      | Noticed Jessica
  2066 | D:3      | Killed Jessica
  2086 | D:3      | Found Tojaw's Antique Armour Shop.
  2117 | D:3      | Found Abeqausy's Antique Armour Shoppe.
  2157 | D:3      | Noticed Grinder
  2167 | D:3      | Killed Grinder
  2168 | D:3      | Reached skill level 1 in Invocations
  2168 | D:3      | Reached XP level 5. HP: 12/38 MP: 8/10
  2168 | D:3      | Reached XP level 6. HP: 14/45 MP: 8/11
  2445 | D:3      | Found Faagurch's Antique Armour Emporium.
  2507 | D:3      | Found a transporter.
  2511 | D:3      | Noticed BuzzyBeetle's ghost (amateur DgCj)
  2910 | D:3      | Bought a pair of glowing boots for 127 gold pieces
  2994 | D:4      | Identified the +1 ring mail "Yholifoa" {rPois Int+3}
  3200 | D:4      | Reached skill level 1 in Short Blades
  3200 | D:4      | Reached skill level 1 in Throwing
  3261 | D:4      | Reached skill level 5 in Earth Magic
  3261 | D:4      | Your scales start taking on a dull iron-grey colour.
  3261 | D:4      | Reached skill level 6 in Earth Magic
  3261 | D:4      | Reached XP level 7. HP: 43/51 MP: 13/13
  3265 | D:4      | Learned a level 3 spell: Stone Arrow
  3490 | D:4      | Reached ** piety under Elyvilon
  3988 | D:5      | Entered Level 5 of the Dungeon
  4070 | D:5      | Found a sand-covered staircase.
  4079 | Ossuary  | Entered an ossuary
  4202 | Ossuary  | Reached skill level 1 in Fighting
  4560 | Ossuary  | Reached XP level 8. HP: 59/59 MP: 14/14
  4850 | D:5      | Found a staircase to the Ecumenical Temple.
  4879 | D:5      | Noticed Ijyb
  4885 | D:5      | Killed Ijyb
  4928 | D:5      | Found a runed translucent gate.
  4928 | D:5      | Found a runed translucent gate.
  4928 | D:5      | Found a runed translucent gate.
  4928 | D:5      | Noticed silentkaos13's ghost (weakling DsDe)
  4949 | D:5      | Killed silentkaos13's ghost
  4956 | D:5      | Reached skill level 7 in Earth Magic
  5085 | D:5      | Reached *** piety under Elyvilon
  5146 | D:3      | Bought a pair of gloves for 76 gold pieces
  5324 | D:5      | Reached skill level 5 in Spellcasting
  5772 | D:5      | Reached skill level 5 in Invocations
  6054 | D:6      | Found a white marble altar of Elyvilon.
  6149 | D:6      | Reached **** piety under Elyvilon
  6234 | D:6      | Found a shadowy altar of Dithmenos.
  6395 | D:6      | Found an ancient bone altar of Kikubaaqudgha.
  6562 | D:7      | Noticed Maggie
  6573 | D:7      | Killed Maggie
  6574 | D:7      | Reached skill level 8 in Earth Magic
  6574 | D:7      | Reached XP level 9. HP: 33/67 MP: 17/17
  6783 | D:7      | Found Xosoun's Island Escapes.
  7615 | D:3      | Killed BuzzyBeetle's ghost
  7783 | D:7      | Reached skill level 9 in Earth Magic
  7832 | D:7      | Noticed Pikel
  7837 | D:7      | Killed Pikel
  8131 | D:8      | Noticed Joseph
  8396 | D:8      | Reached XP level 10. HP: 74/74 MP: 16/20
  8495 | D:8      | Killed Joseph
  9094 | D:8      | Found an iron altar of Okawaru.
  9094 | D:8      | Found a glowing golden altar of the Shining One.
  9099 | D:8      | Found a burning altar of Makhleb.
  9102 | D:8      | Found a blossoming altar of Fedhas.
  9111 | D:8      | Reached skill level 1 in Conjurations
  9140 | D:8      | Found an opulent altar of Gozag.
  9143 | D:8      | Found a glowing silver altar of Zin.
  9174 | D:8      | Found a staircase to the Lair.
  9247 | D:8      | Found a stormy altar of Qazlal.
  9274 | D:8      | Noticed Psyche
  9280 | D:8      | Killed Psyche
  9281 | D:8      | Reached skill level 5 in Stealth
  9415 | D:8      | Reached skill level 10 in Earth Magic
  9824 | D:9      | Found a radiant altar of Vehumet.
  9844 | D:9      | Noticed a two-headed ogre
  9949 | D:9      | Killed a two-headed ogre
  9976 | D:9      | Noticed a two-headed ogre
  9982 | D:9      | Killed a two-headed ogre
 10110 | D:9      | Reached XP level 11. HP: 79/82 MP: 13/23
 10610 | D:10     | Entered Level 10 of the Dungeon
 10913 | D:10     | Reached skill level 5 in Short Blades
 11207 | D:10     | Reached skill level 11 in Earth Magic
 11335 | D:10     | Found a staircase to the Orcish Mines.
 11387 | D:10     | Noticed a centaur warrior
 11396 | D:10     | Killed a centaur warrior
 11499 | D:10     | Noticed a four-headed hydra
 11500 | D:10     | Pacified a four-headed hydra
 11581 | D:10     | Noticed a centaur warrior
 11581 | D:10     | Noticed a centaur warrior
 11591 | D:10     | Killed a centaur warrior
 11595 | D:10     | Killed a centaur warrior
 12194 | D:10     | Got the Handbook of Transposition and Convocation
 12196 | D:10     | Found an ornate altar of the Wu Jian Council.
 12229 | D:10     | Learned a level 1 spell: Apportation
 12370 | Lair:1   | Entered Level 1 of the Lair of Beasts
 12465 | Lair:1   | Reached ***** piety under Elyvilon
 12644 | Lair:1   | Reached skill level 1 in Translocations
 12864 | Lair:1   | Reached skill level 5 in Conjurations
 12929 | Lair:1   | Reached XP level 12. HP: 91/91 MP: 19/25
 13026 | Lair:1   | Reached skill level 5 in Dodging
 13216 | Lair:1   | Noticed Urug
 13224 | Lair:1   | Killed Urug
 13656 | Lair:2   | Noticed an eight-headed hydra
 13658 | Lair:2   | Pacified an eight-headed hydra
 14022 | Lair:2   | Found a staircase to the Swamp.
 14115 | Lair:2   | Reached skill level 10 in Invocations
 14570 | Lair:3   | Noticed a death yak
 14570 | Lair:3   | Noticed a death yak
 14570 | Lair:3   | Noticed a death yak
 14570 | Lair:3   | Noticed a death yak
 14570 | Lair:3   | Noticed a death yak
 14570 | Lair:3   | Noticed a death yak
 14571 | Lair:3   | Killed a death yak
 14571 | Lair:3   | Noticed a catoblepas
 14605 | Lair:3   | Killed a catoblepas
 14637 | Lair:2   | Pacified a death yak
 14641 | Lair:2   | Killed a death yak
 14642 | Lair:2   | Pacified a death yak
 14643 | Lair:2   | Reached skill level 12 in Earth Magic
 14649 | Lair:2   | Killed a death yak
 14650 | Lair:2   | Reached skill level 10 in Spellcasting
 14825 | Lair:2   | Killed a death yak
 14957 | Lair:3   | Killed a death yak
 15662 | Lair:3   | Reached XP level 13. HP: 99/99 MP: 19/27
 16183 | Lair:3   | Found a hole to the Spider Nest.
 16642 | Lair:3   | Reached skill level 13 in Earth Magic
 17351 | Lair:4   | Reached skill level 5 in Fighting
 17367 | Lair:4   | Noticed Snorg
 17376 | Lair:4   | Killed Snorg
 18139 | Lair:5   | Entered Level 5 of the Lair of Beasts
 18598 | Lair:5   | Found a staircase to the Slime Pits.
 18629 | Lair:5   | Found a dark tunnel.
 18634 | Volcano  | Entered a volcano
 18655 | Volcano  | Noticed a red draconian
 18668 | Volcano  | Killed a red draconian
 18669 | Volcano  | Reached XP level 14. HP: 40/107 MP: 6/29
 18739 | Volcano  | Reached XP level 15. HP: 85/113 MP: 29/31
 19884 | Lair:5   | Found a runed translucent door.
 20128 | Lair:5   | Reached skill level 14 in Earth Magic
 20976 | D:7      | Bought a wand of digging (7) for 470 gold pieces
 20980 | D:7      | Bought a scroll of teleportation for 48 gold pieces
 21459 | D:11     | You fall into a shaft and drop 2 floors!
 21513 | D:13     | Noticed Josephine
 21534 | D:13     | Killed Josephine
 21724 | D:12     | Noticed Netaeli's ghost (journeyman SpVM)
 21892 | D:11     | Found a runed translucent door.
 22501 | D:12     | Found a transporter.
 22722 | D:12     | Found a transporter.
 23026 | Orc:1    | Entered Level 1 of the Orcish Mines
 23408 | Orc:2    | Entered Level 2 of the Orcish Mines
 23769 | Orc:2    | Found a staircase to the Elven Halls.
 23784 | Orc:2    | Reached ****** piety under Elyvilon
 26307 | Orc:2    | Found Xinueced's Distillery.
 26307 | Orc:2    | Found Zeyxir's Weapon Shop.
 26308 | Orc:2    | Found Niwuzor's General Store.
 26308 | Orc:2    | Found Unnoil's Armour Shop.
 26318 | Orc:2    | Bought a ring of flight for 227 gold pieces
 26322 | Orc:2    | Bought a potion of heal wounds for 65 gold pieces
 26323 | Orc:2    | Bought a potion of haste for 160 gold pieces
 26388 | Orc:2    | Bought a scroll of enchant weapon for 97 gold pieces
 27759 | D:13     | Learned a level 4 spell: Iskenderun's Mystic Blast
 27803 | D:13     | Reached skill level 10 in Conjurations
 27803 | D:13     | Reached XP level 16. HP: 122/122 MP: 18/33
 28193 | D:13     | Found a gate to the Vaults.
 28454 | D:13     | Reached skill level 15 in Earth Magic
 28465 | D:13     | Learned a level 8 spell: Lehudib's Crystal Spear
 28678 | D:13     | Noticed Frances
 29266 | D:13     | Noticed Azrael
 29302 | D:13     | Elyvilon protects you from harm!
 29824 | D:13     | Killed Frances
 29960 | D:13     | Found Zyso's Book Boutique.
 30340 | D:13     | Killed Azrael
 30800 | D:13     | Found a gate to the Vaults.
 31026 | D:13     | Found Zyso's Book Boutique.
 31569 | D:14     | Found a frozen archway.
 31582 | IceCv    | Entered an ice cave
 31639 | IceCv    | Found a transporter.
 31648 | IceCv    | Found a transporter.
 31813 | D:14     | Noticed Louise
 32179 | D:14     | Identified the -2 helmet "Ruod" {Rampage Str-3 Dex+4
                  | Slay+3}
 32278 | D:14     | Found a shadowy altar of Dithmenos.
 32433 | D:14     | Found a shadowy altar of Dithmenos.
 32489 | D:14     | Killed Louise
 32969 | D:15     | Entered Level 15 of the Dungeon
 32984 | D:15     | Found Gaxt's Antique Armour Boutique.
 33005 | D:15     | Bought a glowing scarf for 224 gold pieces
 33814 | D:15     | Found a staircase to the Depths.
 34475 | Swamp:1  | Entered Level 1 of the Swamp
 34619 | Lair:2   | Reached skill level 16 in Earth Magic
 35303 | Lair:2   | Learned a level 9 spell: Dragon's Call
 35306 | Lair:2   | Learned a level 2 spell: Blink
 35419 | Swamp:1  | Noticed Mlioglotl
 35593 | Swamp:1  | Killed Mlioglotl
 35898 | Swamp:1  | Noticed a tentacled monstrosity
 35906 | Swamp:1  | Killed a tentacled monstrosity
 37359 | Swamp:1  | Reached XP level 17. HP: 116/132 MP: 20/35
 40000 | Swamp:3  | Learned a level 3 spell: Teleport Other
 40072 | Swamp:3  | Identified the +2 robe of the Plum {Dex+6}
 40288 | Swamp:3  | Reached skill level 17 in Earth Magic
 41794 | Swamp:4  | Entered Level 4 of the Swamp
 43035 | Swamp:4  | Identified the +1 dagger of Wopeddypt {holy, rCorr}
 43718 | Swamp:4  | Slain by a vampire knight

Illustrated notes

Levels and vault maps discovered:
D:1:      ebering_trefoil_twist, layout_basic,
          dreamdust_ecumenical_altar_drowned_temple, nrook_mini_backslash
D:2:      layout_rooms, basic_altar
D:3:      layout_rooms, serial_shops, nicolae_shop_statue_plus,
          nicolae_shop_temple_entry_statues_fountains, nicolae_shop_trees, shop,
          nicolae_shop_behind_doors, gammafunk_ghost_stat_death,
          kennysheep_potato, uniq_grinder, uniq_jessica
D:4:      layout_basic
D:5:      layout_layer_cave, minmay_temple_entry_grid,
          gup_ossuary_entry_pyramid, gammafunk_ghost_necromancy, uniq_ijyb
D:6:      layout_cave_pools, mainiacjoe_overflow_six_doors_small,
          nicolae_elyvilon_peaceful_grove, mainiacjoe_overflow_alcove_2
D:7:      layout_loops_ring, nicolae_island_escapes, uniq_maggie, uniq_pikel
D:8:      layout_loops_ring, nicolae_qazlal_general_emergency,
          nicolae_overflow_hallway_of_the_gods, grunt_lair_entry_orc_guard_hut,
          uniq_joseph, uniq_psyche
D:9:      layout_gridville, mainiacjoe_overflow_chevrons
D:10:     layout_small_grid, nicolae_wu_jian_glorious_leap, orc_0_dummy,
          minmay_shattered_shrine
D:11:     layout_roguey, lightli_airlock
D:12:     layout_long_grid, gammafunk_ghost_arena, lemuel_freeze_loot_1
D:13:     layout_basic, david_vaults_2, serial_shops, kennysheep_little_box,
          amcnicky_mini_rare_corridor_liquid, minmay_lindwurm_lava,
          uniq_frances, uniq_josephine, uniq_azrael
D:14:     layout_roguey, grunt_dithmenos_smoke_and_mirrors,
          portal_ice_cave_entry_dragon, uniq_louise
D:15:     hangedman_depths_entry_try_elsewhere_first, layout_loops_cross,
          serial_shops, nicolae_shop_crystal, ebering_dispersal_statue_hall
Lair:1:   layout_roguey, beast_lair_carwin_2, uniq_urug
Lair:2:   layout_cave_pods, swamp_mist
Lair:3:   lemuel_reptile_caves, layout_long_grid, spider_nest_entry_webs
Lair:4:   layout_roguey, infiniplex_staircase_pool_2, grunt_megastairs_5,
          lemuel_fruit_tree, uniq_snorg
Lair:5:   wormcave, layout_regular_city, hangedman_lair_tendril_chambers,
          slime_entry_1, enter_volcano_1
Swamp:1:  layout_falls_marsh, evilmike_swamp_ruin_house_5, uniq_mlioglotl
Swamp:2:  layout_basic_swamp, serial_swamp_ruin, evilmike_swamp_ruin_house_2,
          evilmike_swamp_ruin_rubble_2, evilmike_swamp_ruin_house_1,
          swamp_pool4, infiniplex_staircase_pool
Swamp:3:  nicolae_swamp_flooded_prison, layout_basic_swamp,
          evilmike_swamp_ruin_house_4, swamp_pool5
Swamp:4:  byrel_swamp_growth_death_and_undeath, layout_basic_swamp, swamp_pool3
Orc:1:    layout_caves, basic_altar
Orc:2:    st_orc_pillars, layout_caves, lemuel_statue_altar

Skill      XL: |  1  2  3  4  5  6  7  8  9 10 11 12 13 14 15 16 17 |
---------------+----------------------------------------------------+-----
Stealth        | 2 3 4 5 6 7 |  7.5
Earth Magic    | 4 6 8 9 10 11 12 13 14 16 17 | 17.8
Spellcasting   | 3 4 5 6 8 9 10 11 12 13 14 | 14.1
Dodging        | 2 3 4 5 6 7 |  7.2
Invocations    | 1 2 3 5 7 8 9 10 12 13 14 | 14.1
Short Blades   | 1 2 3 4 5 6 7 |  7.5
Throwing       | 1 2 |  2.1
Fighting       | 1 2 3 4 5 7 9 |  9.9
Conjurations   | 3 5 6 8 10 12 13 | 13.4
Translocations | 1 2 |  2.0
Maces & Flails | |  0.5
Shields        | |  0.3
Transmutations | |  1.0

Action                   |  1- 3 |  4- 6 |  7- 9 | 10-12 | 13-15 | 16-18 || total
-------------------------+-------+-------+-------+-------+-------+-------++-------
Melee: Mace              |     6 |       |       |       |       |       ||     6
       Dagger            |     3 |    28 |   165 |   204 |   274 |   137 ||   811
       Tailslap          |       |     4 |    18 |    36 |    59 |    30 ||   147
       Punch             |       |       |     3 |     6 |     5 |       ||    14
Throw: Dart              |       |     4 |       |    10 |    19 |    15 ||    48
 Cast: Sandblast         |    64 |    16 |    97 |       |       |     2 ||   179
       Stone Arrow       |       |       |     4 |   249 |   536 |   683 ||  1472
       Apportation       |       |       |       |     8 |       |       ||     8
       Passwall          |       |       |       |       |     1 |       ||     1
       Iskenderun's Myst |       |       |       |       |       |    30 ||    30
Invok: Heal Other        |       |       |     2 |    11 |    29 |    24 ||    66
       Purification      |       |       |     2 |     1 |     3 |       ||     6
       Heal Self         |       |       |       |     1 |     3 |     8 ||    12
       Divine Vigour     |       |       |       |       |       |     1 ||     1
Evoke: Wand              |       |       |       |       |     2 |       ||     2
  Use: Scroll            |     7 |     2 |    16 |     5 |     8 |     3 ||    41
       Potion            |       |       |       |       |     2 |     2 ||     4
 Stab: Sleeping          |     1 |     4 |    16 |     4 |     9 |    10 ||    44
       Distracted        |       |       |     1 |     6 |     9 |     5 ||    21
Armor: Skin              |    13 |     5 |    84 |   104 |   147 |   350 ||   703
Dodge: Dodged            |    20 |    13 |    84 |   189 |   345 |   386 ||  1037
       Repelled          |       |       |       |       |       |     9 ||     9
Block: Buckler           |       |       |       |       |       |   157 ||   157
